 Dungeon Crawl Stone Soup version 0.24-a0-22-g2a401c0 (webtiles) character file.

Game seed: 11603686650323354972

69144 Wolfram the Severer (level 14, -37/135 HPs)
             Began as a Deep Dwarf Fighter on Feb 1, 2019.
             Was the Champion of Makhleb.
             Annihilated by a titanic slime creature (57 damage)
             ... on level 13 of the Dungeon.
             The game lasted 01:11:14 (24275 turns).

Wolfram the Severer (Deep Dwarf Fighter)           Turns: 24275, Time: 01:11:15

Health: -37/135    AC: 25    Str: 21    XL:     14   Next: 89%
Magic:  13/13      EV:  8    Int: 13    God:    Makhleb [******]
Gold:   1245       SH: 15    Dex: 12    Spells: 13/13 levels left

rFire    + . .     SeeInvis .   b - +4 broad axe
rCold    . . .     Gourm    .   c - +0 shield
rNeg     + . .     Faith    .   X - +2 chain mail {rF+}
rPois    .         Spirit   .   j - +2 helmet
rElec    .         Reflect  +   x - +2 cloak
rCorr    .         Harm     .   U - +2 pair of gloves
MR       +++..                  (no boots)
Stlth    ..........             O - +2 amulet of reflection
HPRegen  0.00/turn              m - ring of protection from magic
MPRegen  0.13/turn              t - +4 ring of slaying

@: non-regenerating
A: damage resistance, heal wounds, negative energy resistance 1, sense
surroundings 2, no regeneration
a: Heal Wounds, Minor Destruction, Lesser Servant of Makhleb, Major Destruction,
Greater Servant of Makhleb, Renounce Religion


You were on level 13 of the Dungeon.
You worshipped Makhleb.
Makhleb was exalted by your worship.
You were not hungry.

You visited 4 branches of the dungeon, and saw 22 of its levels.

You collected 2361 gold pieces.
You spent 1116 gold pieces at shops.


Innate Abilities, Weirdness & Mutations

You are resistant to damage.
You can heal yourself by infusing magical energy.
You resist negative energy. (rN+)
You passively map the area around you.
You do not regenerate.


   Skills:
 + Level 11.4 Fighting
 * Level 17.5 Axes
 + Level 13.3 Armour
 + Level 13.2 Shields


You had 13 spell levels left.
You didn't know any spells.
Your spell library contained the following spells:

 Spells                   Type           Power        Failure   Level  Hunger
 Animate Skeleton         Necr           N/A          91%         1    ##.....
 Apportation              Tloc           #.....       91%         1    ##.....
 Confusing Touch          Hex            #.....       91%         1    ##.....
 Summon Small Mammal      Summ           #...         91%         1    ##.....
 Call Imp                 Summ           #.......     97%         2    ###....
 Call Canine Familiar     Summ           #.......     99%         3    ####...
 Recall                   Summ/Tloc      N/A          99%         3    ####...
 Summon Guardian Golem    Hex/Summ       #.......     99%         3    ####...
 Summon Ice Beast         Ice/Summ       #.......     100%        4    #####..
 Summon Lightning Spire   Summ/Air       #.......     100%        4    #####..
 Aura of Abjuration       Summ           #.........   100%        5    ######.
 Summon Demon             Summ           #.........   100%        5    ######.
 Summon Forest            Summ/Tloc      #.........   100%        5    ######.
 Summon Mana Viper        Hex/Summ       #.......     100%        5    ######.
 Shadow Creatures         Summ           N/A          100%        6    #######

Inventory:

Hand Weapons
 a - a +0 hunting sling
 b - a +4 broad axe (weapon)
 G - a +0 blowgun
Missiles
 h - 543 stones
 s - 8 javelins (quivered)
 u - 140 sling bullets
 v - 16 tomahawks
 z - 4 curare-tipped needles
 I - 10 steel tomahawks
Armour
 c - a +0 shield (worn)
 j - a +2 helmet (worn)
 x - a +2 cloak (worn)
 U - a +2 pair of gloves (worn)
 X - a +2 chain mail of fire resistance (worn)
Jewellery
 m - a ring of protection from magic (left hand)
 t - a +4 ring of slaying (right hand)
 C - an uncursed ring of see invisible
 J - the ring of Wiepoec {+Fly rN+}
   (You found it on level 9 of the Dungeon)

   [ring of positive energy]

   It protects you from negative energy.
   It lets you fly.
 N - an uncursed ring of protection from cold
 O - a +2 amulet of reflection (around neck)
 P - an uncursed amulet of faith {unknown}
Wands
 d - a wand of random effects (32)
 n - a wand of digging (9)
 p - a wand of paralysis (12)
 B - a wand of enslavement (6)
Scrolls
 e - 4 scrolls of fog
 g - 5 scrolls of magic mapping
 i - 9 scrolls of remove curse
 l - 4 scrolls of teleportation
 y - a scroll of immolation
 D - 2 scrolls of fear
 K - 2 scrolls of enchant armour
 L - 2 scrolls of amnesia
 R - 3 scrolls of blinking
 W - a scroll of summoning
Potions
 k - 2 potions of brilliance
 o - a potion of agility
 q - 2 potions of haste
 r - 3 potions of ambrosia {unknown}
 w - 2 potions of mutation {!q}
 A - 10 potions of curing
 E - a potion of degeneration {unknown}
 F - a potion of resistance
 Q - a potion of flight
 S - 3 potions of cancellation
 T - a potion of berserk rage {!q}
 V - 6 potions of might
 Y - a potion of magic {unknown}
Comestibles
 f - 21 rations
 H - 8 chunks of flesh


Message History

You hit the titanic slime creature.
The titanic slime creature is moderately wounded.
Your chain mail prevents you from hitting the titanic slime creature.
The titanic slime creature is moderately wounded.
The titanic slime creature hits you!!!!
Ouch! That really hurt!
* * * LOW HITPOINT WARNING * * *
You are too injured to fight recklessly!
You are too injured to fight recklessly!
You are too injured to fight recklessly!
Unknown command.
You hit the titanic slime creature but do no damage.
The titanic slime creature is lightly wounded.
You block the titanic slime creature's attack.
You slash the titanic slime creature!
The titanic slime creature is moderately wounded.
You slash the titanic slime creature!
The titanic slime creature is moderately wounded.
The titanic slime creature hits you!!!
You die...

▒·▒▒▒▒▒·····▒ ◦ ◦ ◦
▒··▒▒·▒ ░ ░ ░ ░░ ░
▒▒▒··▒▒·▒▒▒▒▒▒▒▒▒▒▒ ·▒ ◦
░ ▒·················▒··▒▒
░
▒·▒··▒▒·▒▒▒▒▒▒··>······◦◦
◦
············))[········▒
░
▒·▒·······▒▒▒▒▒·▒▒▒▒▒▒▒·▒
◦ ▒·····▒▒▒▒▒ ▒▒···▒▒ ░ ◦
◦ ░ ▒▒▒··· ▒··@··▒ ▒▒ ▒◦
◦ ◦ ◦ ··▒▒░ ▒··J··▒ ▒·▒··
◦ ◦ ░·▒·░ ▒·····▒▒····· ◦
░◦ ░ ▒▒▒▒▒▒···▒▒······ ◦◦
◦◦◦ ◦ ········▒▒······· ░
░ ◦ ░ ░▒▒▒▒▒▒▒·········▒
░ ◦ ▒▒▒▒▒····▒▒ ░ ▒·▒▒ ░
░ ░ ◦◦··◦ ◦


You could see a titanic slime creature.

Vanquished Creatures
  Rupert (Orc:2)
  A dire elephant (Lair:6)
  2 hydras (Lair:6)
  2 catoblepae (Lair:6)
  Erica (D:9)
  2 ogre magi (Orc:2)
  9 two-headed ogres
  8 death yaks
  An orc high priest (Orc:1)
  An unseen horror (D:11)
  2 deep trolls (Orc:2)
  An orc knight (Orc:2)
  2 lindwurms (Lair:6)
  11 deep elf magi
  An ugly thing (D:13)
  2 orc sorcerers (Orc:1)
  3 cyclopes
  2 elephants (Lair:6)
  3 manticores
  6 black mambas
  3 gargoyles
  10 spiny frogs
  4 kobold demonologists (D:12)
  3 rime drakes
  6 komodo dragons
  4 red devils (D:12)
  8 trolls (Orc:2)
  11 blink frogs (Lair:6)
  6 slime creatures
  15 hippogriffs
  8 dream sheep (Lair:6)
  A spriggan (D:8)
  A wraith (D:11)
  21 yaks
  A hungry ghost (D:9)
  3 basilisks
  2 wargs (Orc:1)
  8 water moccasins
  Duvessa (D:7)
  3 acid dragons (D:13)
  16 porcupines
  20 orc warriors
  3 black bears
  3 sky beasts
  2 ice beasts
  An eye of draining (D:10)
  A hornet zombie (D:10)
  A necrophage (D:6)
  20 wolves
  A phantom (D:9)
  26 ogres
  3 centaurs
  9 crocodiles
  Blork the orc (D:5)
  17 bullfrogs
  A big kobold (D:12)
  A gnoll sergeant (Orc:2)
  Dowan (D:7)
  2 wyvern skeletons
  3 scorpions
  13 killer bees
  3 howler monkeys
  6 wights
  5 crimson imps
  2 electric eels (Lair:6)
  2 jellies
  Crazy Yiuf (D:6)
  A centaur skeleton (D:7)
  5 hounds
  4 iguanas
  11 orc priests
  A bullfrog skeleton (D:11)
  15 orc wizards
  10 worker ants
  A killer bee zombie (D:9)
  2 hound skeletons
  A worker ant zombie (D:11)
  A howler monkey zombie (D:5)
  5 gnolls
  20 adders
  3 shadow imps
  2 oozes
  A worm (D:2)
  2 dart slugs (D:1)
  4 leopard geckos
  71 orcs
  5 ball pythons
  6 giant cockroaches
  14 goblins
  10 hobgoblins
  23 jackals
  9 quokkas
  9 bats
  5 frilled lizards
  A jackal skeleton (D:6)
  18 kobolds
  17 rats
  2 fungi
  4 plants
627 creatures vanquished.

Vanquished Creatures (collateral kills)
  2 hydras
  Sonja (Lair:1)
3 creatures vanquished.

Vanquished Creatures (others)
  An orc (Orc:2)
  14 fungi
  9 plants
24 creatures vanquished.

Grand Total: 654 creatures vanquished

Notes
Turn   | Place    | Note
-------+----------+-------------------------------------------
     0 | D:1      | Wolfram the Deep Dwarf Fighter began the quest for the Orb.
     0 | D:1      | Reached XP level 1. HP: 20/20 MP: 1/1
   178 | D:1      | Reached XP level 2. HP: 27/27 MP: 2/2
   607 | D:1      | Reached skill level 3 in Fighting
   607 | D:1      | Reached skill level 3 in Axes
   607 | D:1      | Reached XP level 3. HP: 30/34 MP: 3/3
  1207 | D:2      | Reached XP level 4. HP: 28/42 MP: 4/4
  1529 | D:2      | Found a radiant altar of Vehumet.
  1981 | D:3      | Found an iron altar of Okawaru.
  2170 | D:3      | Noticed a centaur
  2186 | D:3      | Killed a centaur
  2186 | D:3      | Reached skill level 4 in Axes
  2186 | D:3      | Reached XP level 5. HP: 28/49 MP: 5/5
  3053 | D:3      | HP: 9/49 [orc priest/divine providence (11)]
  3058 | D:3      | Reached XP level 6. HP: 10/57 MP: 6/6
  3783 | D:4      | Found Bifeor's Distillery.
  3789 | D:4      | Reached skill level 5 in Axes
  3794 | D:4      | Bought a potion of lignification for 30 gold pieces
  3794 | D:4      | Bought 2 potions of curing for 60 gold pieces
  3794 | D:4      | Bought a potion of heal wounds for 50 gold pieces
  4321 | D:4      | Noticed an ice beast
  4331 | D:4      | Killed an ice beast
  4331 | D:4      | Reached XP level 7. HP: 29/64 MP: 7/7
  4526 | D:5      | Entered Level 5 of the Dungeon
  4633 | D:5      | Reached skill level 6 in Axes
  4693 | D:5      | Found a large runed translucent door.
  4693 | D:5      | Found a large runed translucent door.
  4695 | D:5      | Noticed MalarOregon's ghost (novice MfIE)
  4733 | D:5      | Noticed Blork the orc
  4747 | D:5      | Killed Blork the orc
  5035 | D:5      | Found a staircase to the Ecumenical Temple.
  5050 | Temple   | Entered the Ecumenical Temple
  5214 | Temple   | Became a worshipper of Makhleb the Destroyer
  5243 | D:5      | Found a sparkling altar of Nemelex Xobeh.
  5755 | D:5      | Reached XP level 8. HP: 28/73 MP: 8/8
  6043 | D:5      | Reached skill level 7 in Axes
  6058 | D:6      | Reached * piety under Makhleb
  6216 | D:6      | Found a shadowy altar of Dithmenos.
  6253 | D:6      | Reached skill level 6 in Armour
  6253 | D:6      | Reached skill level 6 in Shields
  6378 | D:6      | Reached skill level 8 in Axes
  6639 | D:6      | Found a sparkling altar of Nemelex Xobeh.
  6790 | D:6      | Gained mutation: You passively map the area around you.
                  | [Deep Dwarf growth]
  6790 | D:6      | Reached XP level 9. HP: 37/81 MP: 9/9
  7035 | D:6      | Found a runed translucent door.
  7036 | D:6      | Noticed Crazy Yiuf
  7120 | D:6      | Killed Crazy Yiuf
  7211 | D:7      | HP: 14/81 [orc warrior/+0 trident (16)]
  7218 | D:7      | Reached ** piety under Makhleb
  7234 | D:7      | Noticed Duvessa
  7234 | D:7      | Noticed Dowan
  7242 | D:7      | Killed Duvessa
  7248 | D:7      | Killed Dowan
  7270 | D:7      | Reached skill level 9 in Axes
  7479 | D:7      | Reached skill level 6 in Fighting
  8327 | D:8      | Reached skill level 10 in Axes
  8459 | D:8      | Found a snail-covered altar of Cheibriados.
  8787 | D:9      | Reached XP level 10. HP: 92/92 MP: 10/10
  8805 | D:9      | Found a staircase to the Orcish Mines.
  8806 | D:9      | You fall through a shaft!
  8806 | D:10     | Entered Level 10 of the Dungeon
  8986 | D:10     | Noticed a gargoyle
  9070 | D:9      | Got a translucent glass ring
  9077 | D:9      | Identified the ring of Wiepoec {+Fly rN+} (You found it on
                  | level 9 of the Dungeon)
  9185 | D:9      | Reached *** piety under Makhleb
  9220 | D:9      | Reached skill level 11 in Axes
  9443 | D:9      | Got a crystal flail
  9554 | D:9      | Noticed Erica
  9583 | D:9      | Killed Erica
  9662 | D:9      | Found an ornate altar of the Wu Jian Council.
  9667 | D:9      | Found a stormy altar of Qazlal.
  9917 | D:10     | Found Jeujakop's Magic Scroll Boutique.
  9929 | D:10     | Bought a scroll of teleportation for 48 gold pieces
  9929 | D:10     | Bought a scroll of teleportation for 48 gold pieces
  9929 | D:10     | Bought a scroll of blinking for 120 gold pieces
  9929 | D:10     | Bought a scroll of teleportation for 48 gold pieces
  9929 | D:10     | Bought a scroll of teleportation for 48 gold pieces
  9929 | D:10     | Bought a scroll of blinking for 120 gold pieces
 10358 | D:10     | Killed a gargoyle
 10464 | D:11     | Killed an unseen horror
 10464 | D:11     | Reached skill level 9 in Armour
 10464 | D:11     | Reached skill level 9 in Shields
 10605 | D:11     | Found a white marble altar of Elyvilon.
 10697 | D:11     | Noticed a gargoyle
 10706 | D:11     | Killed a gargoyle
 10706 | D:11     | Reached XP level 11. HP: 94/100 MP: 11/11
 10817 | D:11     | Reached skill level 12 in Axes
 10841 | D:11     | Found a staircase to the Lair.
 10871 | D:11     | Reached **** piety under Makhleb
 12144 | D:12     | HP: 20/103 [slime creature (1)]
 12157 | D:12     | Reached skill level 13 in Axes
 12197 | D:12     | Noticed a sun demon
 12852 | Lair:1   | Entered Level 1 of the Lair of Beasts
 13011 | D:13     | Noticed a green ugly thing
 13208 | Lair:1   | Reached XP level 12. HP: 93/112 MP: 12/12
 13280 | Lair:1   | Reached ***** piety under Makhleb
 13316 | Lair:1   | Upgraded the game from 0.24-a0-10-gb84795d to
                  | 0.24-a0-22-g2a401c0
 13529 | Lair:1   | Noticed a seven-headed hydra
 13545 | Lair:1   | Killed a 12-headed hydra
 13600 | Lair:1   | Noticed Sonja
 13606 | Lair:1   | Killed Sonja
 13927 | Lair:1   | Noticed a seven-headed hydra
 14212 | Lair:1   | Found an iron altar of Okawaru.
 14541 | Lair:2   | Noticed an eight-headed hydra
 14761 | Lair:2   | Noticed a five-headed hydra
 14773 | Lair:1   | Reached skill level 9 in Fighting
 15286 | Lair:1   | Reached skill level 14 in Axes
 15451 | Lair:2   | You fall through a shaft for 2 floors!
 15681 | Lair:4   | Found a runed translucent door.
 15684 | Lair:4   | Noticed Exirev's ghost (journeyman MfIE)
 15684 | Lair:4   | Noticed an anaconda
 16251 | Lair:4   | Found a runed translucent door.
 16257 | Lair:4   | Noticed an eight-headed hydra
 16620 | Lair:5   | Noticed a seven-headed hydra
 16626 | Lair:5   | Noticed a cacodemon
 17454 | Lair:6   | Entered Level 6 of the Lair of Beasts
 17591 | Lair:6   | Noticed a catoblepas
 17643 | Lair:6   | Killed a catoblepas
 17766 | Lair:6   | Found a viscous altar of Jiyva.
 17767 | Lair:6   | Found a staircase to the Slime Pits.
 17793 | Lair:6   | Noticed a four-headed hydra
 17832 | Lair:6   | Killed an 18-headed hydra
 17832 | Lair:6   | Reached XP level 13. HP: 122/122 MP: 13/13
 17883 | Lair:6   | Reached skill level 15 in Axes
 18300 | Lair:6   | Noticed a cacodemon
 19300 | Lair:3   | Reached skill level 12 in Armour
 19346 | Lair:3   | Reached skill level 12 in Shields
 20675 | Lair:6   | Reached skill level 16 in Axes
 20933 | Lair:6   | HP: 24/124 [catoblepas (12)]
 21262 | Lair:6   | HP: 22/124 [lindwurm/blast of flame (18)]
 21415 | Lair:6   | Noticed a dire elephant
 21430 | Lair:6   | Killed a dire elephant
 21430 | Lair:6   | Gained mutation: You resist negative energy. (rN+) [Deep
                  | Dwarf growth]
 21430 | Lair:6   | Reached XP level 14. HP: 53/133 MP: 14/14
 21726 | Lair:6   | Got a faintly glowing great mace
 21923 | Orc:1    | Entered Level 1 of the Orcish Mines
 22290 | Orc:1    | Found a roughly hewn altar of Beogh.
 22508 | Orc:2    | Entered Level 2 of the Orcish Mines
 22754 | Orc:2    | HP: 9/133 [deep elf mage/orb of energy (27)]
 22787 | Orc:2    | Reached skill level 17 in Axes
 22963 | Orc:2    | Found Cotoept's Armour Boutique.
 22970 | Orc:2    | Found a staircase to the Elven Halls.
 22986 | Orc:2    | Found Vasivud's Distillery.
 23000 | Orc:2    | Found Obushrepu's Antique Armour Shop.
 23001 | Orc:2    | Found Vesawun's Armour Shop.
 23003 | Orc:2    | Bought a potion of agility for 64 gold pieces
 23003 | Orc:2    | Bought a potion of resistance for 160 gold pieces
 23003 | Orc:2    | Bought 2 potions of berserk rage for 160 gold pieces
 23003 | Orc:2    | Bought a potion of haste for 160 gold pieces
 23188 | Orc:2    | Noticed Rupert
 23207 | Orc:2    | Killed Rupert
 23670 | Orc:2    | Reached ****** piety under Makhleb
 24266 | D:13     | HP: 20/135 [titanic slime creature (92)]
 24275 | D:13     | Annihilated by a titanic slime creature

Vault maps used:
D:1:      evilmike_arrival_crescent, nrook_campfire, minmay_ruptured
D:2:      vehumet_crystals
D:3:      minmay_octagon_keep, old_standard_altar
D:4:      serial_shops, shop_statue, minmay_manual_monstrance
D:5:      old_standard_altar, minmay_temple_entry_wispy,
          ebering_ghost_disaster_area, first_ration, interstate_on_off,
          kennysheep_opposing_triangles, uniq_blork_the_orc
D:6:      basic_altar, nemelex_dance_club_becter, uniq_crazy_yiuf_cottage
D:7:      uniq_duvessa
D:8:      nicolae_overflow_hidden_temple, the_bakery
D:9:      lemuel_crystal_altar, grunt_qazlal_clouds, orc_0_dummy, uniq_erica
D:10:     serial_shops, shop, grunt_ministairs_7
D:11:     minmay_weird_star, minmay_lair_entry_grove, special_room,
          gauntlet_entry_generic, elyvilon_altar_5
D:12:     einodemon_armed_red_devil_minivault
Temple:   eino_temple_scatter_basement
Lair:1:   basic_altar, beast_lair_carwin_11, uniq_sonja
Lair:2:   elwin_shoals_entry_stream, minmay_snake_entry_guardpost_medium,
          enter_volcano_2, beast_lair_carwin_10
Lair:4:   ebering_ghost_inner_flame, minmay_lair_oklob_bushes, pf_torpor_hydra
Lair:5:   wander_river
Lair:6:   hangedman_lair_in_review, slime_altar_1, infiniplex_staircase_pool
Orc:1:    basic_altar, nicolae_orc_tapped_out
Orc:2:    st_orc_open, elves_outpost_lemuel, uniq_rupert

Action                   |  1- 3 |  4- 6 |  7- 9 | 10-12 | 13-15 || total
-------------------------+-------+-------+-------+-------+-------++-------
Melee: War axe           |   117 |   228 |   254 |       |       ||   599
       Hand axe          |       |       |    70 |  1044 |   361 ||  1475
       Broad axe         |       |       |       |    64 |   587 ||   651
 Fire: Hunting sling     |       |       |     6 |       |     5 ||    11
Throw: Javelin           |       |     6 |    19 |    12 |       ||    37
       Stone             |       |     1 |     5 |       |       ||     6
Invok: Minor Destruction |       |       |       |     6 |       ||     6
       Lesser Servant of |       |       |       |     5 |     9 ||    14
       Greater Servant o |       |       |       |     1 |     1 ||     2
 Abil: Heal Wounds       |       |     3 |     2 |     2 |     3 ||    10
Evoke: Wand              |       |       |       |     9 |     1 ||    10
  Use: Scroll            |       |     9 |     8 |    11 |    16 ||    44
       Potion            |       |     3 |     6 |     5 |     9 ||    23
 Stab: Paralysed         |       |       |       |     2 |       ||     2
       Distracted        |       |       |       |     1 |     1 ||     2
  Eat: Ration            |     1 |     1 |     4 |     8 |     4 ||    18
       Chunk             |       |     5 |     6 |    13 |    10 ||    34
Armor: Scale mail        |    52 |    95 |   178 |   185 |       ||   510
       Skin              |       |     2 |     3 |       |       ||     5
       Chain mail        |       |       |       |   230 |   405 ||   635
Dodge: Dodged            |    33 |    64 |   100 |   215 |   215 ||   627
Block: Shield            |    57 |   108 |   216 |   513 |   639 ||  1533
       Reflection        |       |       |       |       |    11 ||    11
